 Dungeon Crawl Stone Soup version 0.20.0-8-g6b59dc7 (webtiles) character file.

573 vatarom the Covered (level 7, -13/57 HPs)
             Began as a Formicid Abyssal Knight on June 1, 2017.
             Was a Priest of Lugonu.
             Mangled by an ogre
             ... wielding a +0 giant club
              (21 damage)
             ... on level 4 of the Dungeon.
             The game lasted 00:11:11 (3212 turns).

vatarom the Covered (Formicid Abyssal Knight)       Turns: 3212, Time: 00:11:11

Health: -13/57     AC: 12    Str: 16    XL:     7   Next: 61%
Magic:  5/9        EV:  7    Int: 12    God:    Lugonu [***...]
Gold:   173        SH:  0    Dex: 12    Spells: 6/6 levels left

rFire    . . .     SeeInvis +   m - +0 scythe
rCold    . . .     Gourm    .   (no shield)
rNeg     . . .     Faith    .   i - +1 chain mail
rPois    .         Spirit   .   (helmet unavailable)
rElec    .         Reflect  .   (no cloak)
rCorr    +         Harm     .   (no gloves)
MR       .....     Clarity  +   (no boots)
Stlth    ..........             (no amulet)
Regen    0.2/turn               j - ring of resist corrosion
MPRegen  0.2/turn               b - +1 ring of protection

@: no status effects
A: permanent stasis, dig shafts and tunnels, four strong arms, antennae 3,
blurry vision 1, clarity, robust 1
a: Dig, Shaft Self, Depart the Abyss, Bend Space, Banish, Renounce Religion


You were on level 4 of the Dungeon.
You worshipped Lugonu.
Lugonu was most pleased with you.
You were very hungry.

You visited 1 branch of the dungeon, and saw 4 of its levels.
You visited the Abyss 1 time.

You collected 173 gold pieces.

Inventory:

Hand Weapons
 m - a +0 scythe (weapon)
Armour
 i - a +1 chain mail (worn)
Jewellery
 b - a +1 ring of protection (right hand)
 d - an uncursed ring of protection from cold
 j - a ring of resist corrosion (left hand)
Scrolls
 e - a scroll of identify
 f - a scroll of magic mapping
 k - a scroll of recharging
Potions
 g - a potion of cancellation
Comestibles
 c - 3 bread rations
 h - a royal jelly
 l - a meat ration


   Skills:
 - Level 3.2 Fighting
 * Level 4.8 Polearms
 - Level 6.2 Armour
 - Level 2.0 Dodging
 * Level 3.3 Invocations


You had 6 spell levels left.
You didn't know any spells.

Dungeon Overview and Level Annotations

Branches:
Dungeon (4/15)
 Temple: D:4-7

Altars:


Innate Abilities, Weirdness & Mutations

You cannot be hasted, slowed, berserked, paralysed or teleported.
You can dig through walls and to a lower floor.
Your four strong arms can wield two-handed weapons with a shield.
You have a pair of large antennae on your head. (SInv)
Scrolls take you a little longer to read.
You possess an exceptional clarity of mind.
You are robust. (+10% HP)


Message History

A hound comes into view.
You hit the scorpion.
You kill the scorpion!
Lugonu accepts your kill.
You feel sick. The ogre hits you with a giant club!!
* * * LOW HITPOINT WARNING * * *
The ogre hits you but does no damage.
Unknown command.
Press: ? - help, Shift-Dir - straight line, f - ogre
Aim: an ogre, wielding a giant club (chance to defeat MR: 82%)
You fail to use your ability.
The ogre hits you with a giant club!
* * * LOW HITPOINT WARNING * * *
You feel better.
Press: ? - help, Shift-Dir - straight line, f/p - ogre
Aim: an ogre, wielding a giant club (chance to defeat MR: 82%)
The ogre barely resists.
You are feeling very hungry.
You can no longer corrupt the fabric of space.
The ogre hits you with a giant club!!
You die...

##..#...####
#.. ###
##.####..##
##..
....#####.##
#...######...
......#..##
##.........##
#.....#
###########
##...## ##
##...####..##
#..........#
#....@.##...
#...Oh##
#......#
#.......
..........
..!###......
..# ##.....
##....


You could see an ogre and a hound.

Vanquished Creatures
  Sigmund (D:3)
  A scorpion (D:4)
  An orc priest (D:3)
  Terence (D:3)
  4 orc wizards (D:3)
  A worker ant (D:4)
  2 adders (D:2)
  6 river rats (D:4)
  4 worms
  7 leopard geckos
  10 orcs (D:3)
  7 bats
  5 giant cockroaches
  12 goblins
  7 hobgoblins
  7 jackals
  A quokka (D:3)
  A ball python (D:2)
  A frilled lizard (D:3)
  4 kobolds
  28 rats
111 creatures vanquished.

Notes
Turn   | Place    | Note
-------+----------+-------------------------------------------
     0 | Abyss:1  | vatarom the Formicid Abyssal Knight began the quest for the Orb.
     0 | Abyss:1  | Reached XP level 1. HP: 18/18 MP: 2/2
    11 | D:1      | Escaped the Abyss
    19 | D:1      | Reached skill level 1 in Dodging
    67 | D:1      | Reached XP level 2. HP: 17/24 MP: 3/3
   513 | D:1      | Gained mutation: Scrolls take you a little longer to read. [potion of mutation]
   513 | D:1      | Gained mutation: You possess an exceptional clarity of mind. [potion of mutation]
   513 | D:1      | Gained mutation: You are robust. (+10% HP) [potion of mutation]
   625 | D:2      | Reached ** piety under Lugonu
   652 | D:2      | Reached XP level 3. HP: 25/31 MP: 4/4
   701 | D:2      | Found a faded altar of an unknown god.
   982 | D:2      | Reached XP level 4. HP: 35/38 MP: 5/5
  1306 | D:3      | Noticed Terence
  1335 | D:3      | Killed Terence
  1485 | D:3      | Reached XP level 5. HP: 40/45 MP: 6/6
  1490 | D:3      | Reached skill level 3 in Armour
  1516 | D:3      | Reached *** piety under Lugonu
  1625 | D:3      | Reached skill level 4 in Armour
  1625 | D:3      | Reached XP level 6. HP: 49/51 MP: 7/7
  1991 | D:3      | Reached skill level 5 in Armour
  2373 | D:3      | Noticed Sigmund
  2386 | D:3      | Killed Sigmund
  2386 | D:3      | Reached skill level 6 in Armour
  2386 | D:3      | Reached XP level 7. HP: 38/57 MP: 8/8
  2703 | D:4      | Got a dazzling leather armour
  2706 | D:4      | Identified the +2 leather armour "Ceonitu" {Dex+3} (You found it on level 4 of the Dungeon)
  2801 | D:4      | Reached **** piety under Lugonu
  3210 | D:4      | HP: 2/57 [ogre/giant club (8)]
  3212 | D:4      | Mangled by an ogre

Skill      XL: |  1  2  3  4  5  6  7 |
---------------+----------------------+-----
Dodging        | 1 2 |  2.0
Polearms       | 3 4 |  4.8
Armour         | 4 6 |  6.2
Invocations    | 3 |  3.3
Fighting       | |  3.2

Action                   |  1- 3 |  4- 6 |  7- 9 || total
-------------------------+-------+-------+-------++-------
Melee: Spear             |   109 |   112 |       ||   221
       Trident           |       |   108 |       ||   108
       Scythe            |       |       |   110 ||   110
Invok: Banish            |       |       |     1 ||     1
 Abil: Dig               |       |       |     3 ||     3
  Use: Potion            |     4 |     3 |     1 ||     8
       Scroll            |     3 |     3 |     2 ||     8
 Stab: Sleeping          |     1 |       |       ||     1
  Eat: Chunk             |       |     5 |     3 ||     8
Armor: Leather armour    |    10 |     5 |       ||    15
       Chain mail        |       |    53 |    86 ||   139
Dodge: Dodged            |    43 |    51 |    63 ||   157
